 Dungeon Sprint DCSS version 0.30.1-4-g462c640d31 (webtiles) character file.

Game seed: 12374447269962546449

5202 Heoruswealwe the Imperceptible (level 10, -16/44 HPs)
             Began as a Spriggan Artificer on Aug 31, 2023.
             Was an Initiate of Gozag.
             Demolished by a soul eater (21 damage)
             ... summoned by a kobold demonologist
             ... in the Dungeon (Sprint I: "Red Sonja").
             The game lasted 00:09:22 (686 turns).

Heoruswealwe the Imperceptible (Spriggan Artificer)  Turns: 686, Time: 00:09:24

Health: -16/44     AC: -2    Str:  8    XL:     10   Next: 34%
Magic:  11/11      EV: 19    Int: 12    God:    Gozag
Gold:   801        SH:  0    Dex: 23    Spells: 9/9 levels left

rFire   . . .        a - +5 rapier "Naqori" {freeze, +Blink rElec Dex+2}
rCold   . . .        (no shield)
rNeg    . . .        c - +0 robe
rPois   .            (helmet restricted)
rElec   +            (no cloak)
rCorr   .            (gloves unavailable)
SInv    +            (boots unavailable)
Will    +....        (no amulet)
Stlth   +++++++++    (no ring)
HPRegen 0.27/turn    (no ring)
MPRegen 0.12/turn

%: no teleportation
@: corroded, gold aura, very quick
A: very small, no large weapons, unfitting armour, see invisible, speed 3
a: Renounce Religion, Evoke Blink, Potion Petition, Call Merchant, Bribe Branch


You were in the Dungeon.
You worshipped Gozag.
Gozag was pleased with you.
You visited 1 branch You collected 1120 gold pieces.
You spent 283 gold pieces at shops.
You donated 36 gold pieces to Zin.

Inventory:

Hand Weapons
 a - the +5 rapier "Naqori" (weapon) {freeze, +Blink rElec Dex+2}
   (You bought it in a shop in the Dungeon)

   Dex:       It affects your dexterity (+2).
   rElec:     It insulates you from electricity.
   +Blink:    It lets you blink.
Armour
 c - a +0 robe (worn)
Wands
 d - a wand of charming (15)
 l - a wand of digging (7)
Scrolls
 e - a scroll of magic mapping {unknown}
 i - 3 scrolls of poison {unknown}
 k - 2 scrolls of blinking
 m - a scroll of butterflies {unknown}
 n - a scroll of identify {unknown}
 p - a scroll of silence {unknown}
Potions
 b - 2 potions of degeneration {unknown}
 f - 3 potions of curing
 h - a potion of haste
 j - a potion of cancellation {unknown}
 o - a potion of mutation {unknown}


   Skills:
 - Level 0.7 Fighting
 - Level 3.2 Dodging
 + Level 25.4 Stealth
 + Level 22.1 Evocations


You had 9 spell levels left.
You didn't know any spells.
Your spell library was empty.

Dungeon Overview and Level Annotations

Branches:
Dungeon (1/1)

Altars:
Cheibriados
Dithmenos
Elyvilon
Fedhas
Gozag
Hepliaklqana
Kikubaaqudgha
Makhleb
Nemelex Xobeh
Okawaru
Qazlal
Ru
Sif Muna
Trog
Uskayaw
Vehumet
Wu Jian
Xom
Yredelemnul
Zin
The Shining One
Jiyva
Lugonu

Shops:
D *(?=(([


Innate Abilities, Weirdness & Mutations

You are very small and have problems with some larger weapons.
You are too small for most types of armour.
You have supernaturally acute eyesight. (SInv)
You cover ground extremely quickly. (Speed+++)


Message History

The kobold demonologist misses you.
You barely miss the kobold demonologist.
The kobold demonologist is severely wounded.
The kobold demonologist misses you.
You barely miss the kobold demonologist.
The kobold demonologist is severely wounded.
The soul eater completely misses you.
The kobold demonologist casts a spell.
You barely miss the kobold demonologist.
The kobold demonologist is severely wounded.
The rust devil disappears in a puff of smoke!
The soul eater draws from the surrounding life force!
The kobold demonologist hits you with a +0 dagger.
The kobold demonologist casts a spell.
The crimson imp is distracted by your dazzling golden aura.
The white imp hits you. The white imp freezes you.
The crimson imp completely misses you. The kobold demonologist misses you.
The orange demon completely misses you. The soul eater barely misses you.
The crimson imp shouts!
You hit the kobold demonologist. You freeze the kobold demonologist.
The kobold demonologist is almost dead.
The orange demon disappears in a puff of smoke!
The crimson imp is no longer distracted by gold.
The crimson imp picks up a beetle and eats it.
The white imp gestures at you. The puff of frost misses you.
The puff of frost misses the soul eater.
The crimson imp is distracted by your dazzling golden aura.
The soul eater hits you!
The kobold demonologist looks braver for a moment.
The crimson imp blinks!
The crimson imp shouts!
You hit the kobold demonologist. You freeze the kobold demonologist.
The kobold demonologist is almost dead.
The white imp gestures at you. The puff of frost hits you!
* * * LOW HITPOINT WARNING * * *
The soul eater draws from the surrounding life force!
You die...
Your body crumbles into a pile of gold.

########################
.#..'..#.)'..#55#3.K...#
$$
.'!.#..'..#..'..@K5#...#
$
.#####'#####'#_5####...+
$ .####..#...#.#### ####
$ $ .#__####..##.# $$ $
.#_____##'#_.+ $
⌠#_.∩...'..._# $$ $$
.#_..__##_.#'##+###
.#_____###'#.#....### $
##########.####'###!## $


You could see a soul eater (summoned), 2 kobold demonologists, 2 crimson imps, a
white imp (summoned) and an ufetubus (summoned).

Vanquished Creatures
  Sonja (D)
  A deep troll (D)
  8 shining eyes (D)
  A slime creature (D)
  Sigmund (D)
  A yak (D)
  5 floating eyes (D)
  An ogre (D)
  A jelly (D)
  Ijyb (D)
  A ballistomycete spore (D)
22 creatures vanquished.

Vanquished Creatures (others)
  A ballistomycete spore (D)
1 creature vanquished.

Grand Total: 23 creatures vanquished

Notes
Turn   | Place    | Note
-------+----------+-------------------------------------------
     0 | D        | Heoruswealwe the Spriggan Artificer began the quest for the
                  | Orb.
     0 | D        | Reached XP level 1. HP: 9/9 MP: 2/2
     1 | D        | Noticed Ijyb
     3 | D        | Killed Ijyb
     4 | D        | Reached skill level 6 in Stealth
     4 | D        | Reached XP level 2. HP: 14/14 MP: 3/3
    30 | D        | Noticed an ogre
    41 | D        | Killed an ogre
    42 | D        | Reached skill level 10 in Stealth
    42 | D        | Reached XP level 3. HP: 17/17 MP: 4/4
    42 | D        | Reached XP level 4. HP: 21/21 MP: 5/5
    57 | D        | Noticed Sigmund
    58 | D        | Killed Sigmund
    59 | D        | Reached skill level 13 in Stealth
    59 | D        | Reached XP level 5. HP: 25/25 MP: 6/6
    72 | D        | Found an ornate altar of the Wu Jian Council.
    72 | D        | Found a shimmering blue altar of Sif Muna.
    75 | D        | Reached XP level 6. HP: 29/29 MP: 7/7
    75 | D        | Found a radiant altar of Vehumet.
   102 | D        | Found Tol Dole's Jewellery Emporium.
   102 | D        | Found an ancient bone altar of Kikubaaqudgha.
   102 | D        | Found a hazy altar of Hepliaklqana.
   102 | D        | Found a stormy altar of Qazlal.
   102 | D        | Found a hide-covered altar of Uskayaw.
   102 | D        | Found a blossoming altar of Fedhas.
   102 | D        | Found a bloodstained altar of Trog.
   102 | D        | Found an iron altar of Okawaru.
   102 | D        | Found a basalt altar of Yredelemnul.
   102 | D        | Found a glowing golden altar of the Shining One.
   102 | D        | Found a snail-covered altar of Cheibriados.
   102 | D        | Found a sacrificial altar of Ru.
   102 | D        | Found a glowing silver altar of Zin.
   102 | D        | Found a shadowy altar of Dithmenos.
   102 | D        | Found a white marble altar of Elyvilon.
   102 | D        | Noticed a yak
   126 | D        | Killed a yak
   127 | D        | Reached skill level 15 in Stealth
   140 | D        | Found an opulent altar of Gozag.
   141 | D        | Found a sparkling altar of Nemelex Xobeh.
   154 | D        | Became a worshipper of Zin the Law-Giver
   154 | D        | Reached * piety under Zin
   154 | D        | Reached ** piety under Zin
   154 | D        | Reached *** piety under Zin
   154 | D        | Reached **** piety under Zin
   154 | D        | Reached ***** piety under Zin
   154 | D        | Reached ****** piety under Zin
   162 | D        | Noticed Sonja
   163 | D        | Killed Sonja
   164 | D        | Reached skill level 18 in Stealth
   164 | D        | Reached XP level 7. HP: 25/32 MP: 8/8
   185 | D        | Found Wafosix's Assorted Antiques.
   193 | D        | Bought 2 lumpy cyan potions for 43 gold pieces
   193 | D        | Bought a scroll labelled ZEOLAOLUAGG for 24 gold pieces
   193 | D        | Bought an ivory rapier for 216 gold pieces
   193 | D        | Identified the +5 rapier "Naqori" {freeze, +Blink rElec
                  | Dex+2} (You bought it in a shop in the Dungeon)
   237 | D        | Noticed a shining eye
   237 | D        | Noticed a shining eye
   237 | D        | Noticed a shining eye
   237 | D        | Noticed a shining eye
   237 | D        | Noticed a shining eye
   237 | D        | Noticed a shining eye
   240 | D        | Reached XP level 8. HP: 37/37 MP: 9/9
   240 | D        | Noticed a shining eye
   240 | D        | Noticed a shining eye
   241 | D        | Killed a shining eye
   242 | D        | Reached skill level 19 in Stealth
   246 | D        | Reached skill level 20 in Stealth
   248 | D        | Killed a shining eye
   249 | D        | Reached skill level 21 in Stealth
   252 | D        | Paralysed by a floating eye for 3 turns
   253 | D        | Reached XP level 9. HP: 40/40 MP: 10/10
   258 | D        | Killed a shining eye
   259 | D        | Reached skill level 22 in Stealth
   260 | D        | Killed a shining eye
   288 | D        | Killed a shining eye
   289 | D        | Reached skill level 23 in Stealth
   300 | D        | Killed a shining eye
   308 | D        | Killed a shining eye
   309 | D        | Reached skill level 24 in Stealth
   309 | D        | Reached XP level 10. HP: 44/44 MP: 11/11
   316 | D        | Killed a shining eye
   326 | D        | Fell from the grace of Zin
   326 | D        | Became a worshipper of Gozag Ym Sagoz the Greedy
   445 | D        | Found Oqael's Antique Weapon Shoppe.
   445 | D        | Found Reewni's Weapon Shop.
   445 | D        | Found Gotreuss's Magic Scroll Emporium.
   445 | D        | Found Adosun's Antique Weapon Boutique.
   478 | D        | Noticed a deep troll
   482 | D        | Killed a deep troll
   483 | D        | Reached skill level 25 in Stealth
   493 | D        | Found Boas Ujo's Armour Emporium.
   530 | D        | Found a burning altar of Makhleb.
   530 | D        | Found a viscous altar of Jiyva.
   530 | D        | Found a shimmering altar of Xom.
   530 | D        | Found a corrupted altar of Lugonu.
   669 | D        | Noticed a rust devil
   673 | D        | Noticed a soul eater
   673 | D        | Noticed an orange demon
   686 | D        | Demolished by a soul eater

Illustrated notes

Levels and vault maps discovered:
D:        dungeon_sprint_1 [red_sonja_temple_1, red_sonja_temple_small_1]

Skill      XL: |  1  2  3  4  5  6  7  8  9 10 |
---------------+-------------------------------+-----
Stealth        | 6 10 13 18 21 24 25 | 25.4
Evocations     | 6 9 12 16 18 21 22 | 22.1
Fighting       | |  0.7
Dodging        | |  3.2

Action                     |  1- 3 |  4- 6 |  7- 9 | 10-12 || total
---------------------------+-------+-------+-------+-------++-------
  Melee: Rapier            |       |       |    34 |    34 ||    68
  Evoke: Wand              |     8 |    13 |       |       ||    21
    Use: Potion            |       |       |       |     1 ||     1
   Stab: Sleeping          |       |       |     7 |     2 ||     9
 Armour: Robe              |       |       |       |     1 ||     1
  Dodge: Dodged            |       |     1 |       |    20 ||    21
